[Event "*** Titled Tuesday Blitz"]
[Site "Chess.com"]
[Date "2020.05.12"]
[Round "8"]
[White "FMOlexandrProhorov"]
[Black "frankshar"]
[Result "0-1"]
[WhiteElo "2105"]
[BlackElo "2352"]
[TimeControl "180+1"]
[EndTime "11:31:30 PDT"]
[Termination "frankshar won by resignation"]

1. e4 c6 2. d4 d5 3. exd5 cxd5 4.
Bd3 Nc6 5. c3 g6 6. Bf4 Bh6 7.
Bg3 Nf6 8. Ne2 Bf5 9. O-O O-O 10. Na3 Rc8 11. Nc2 Qb6 12. Rb1 Bxd3 13. Qxd3 Ne4 14. Ne3 e6 15. Ng4 Bg7 16. f3 Nxg3 17. hxg3 Qa6 18. Qxa6 bxa6 19. Nf4 Na5 20. Nd3 Rc6 21. Nge5 Bxe5 22. dxe5 Rb8 23. Kf2 Nc4 24. Ke2 Rcb6 25. b3 Na3 26. Rbc1 Rc8 27. Kd2 a5 28. g4 Rbc6 29.
Rc2 Nxc2 30. Kxc2 Rxc3+ 31. Kd2 Rc2+ 32. Ke3 Rxg2 0-1

[Event "*** Titled Tuesday Blitz"]
[Site "Chess.com"]
[Date "2020.05.12"]
[Round "8"]
[White "PetrolulSah"]
[Black "2008king"]
[Result "0-1"]
[WhiteElo "2263"]
[BlackElo "2115"]
[TimeControl "180+1"]
[EndTime "11:31:30 PDT"]
[Termination "2008king won by resignation"]

1. d4 d5 2. c4 c6 3. Nf3 Nf6 4.
Nc3 e6 5. g3 dxc4 6. Bg2 b5 7.
O-O Bb7 8. Qc2 Nbd7 9. Rd1 Be7 10. Ne5 Qb6 11. a4 a6 12. a5 Qc7 13. Bf4 Nxe5 14. Bxe5 Bd6 15. Bxd6 Qxd6 16. e4 Qc7 17. e5 Nd5 18. Ne4 O-O-O 19. b3 c3 20. Nd6+ Rxd6 21. exd6 Qxd6 22. Bxd5 cxd5 23. Qxc3+ Kb8 24.
Qc5 Qxc5 25. dxc5 e5 26. b4 d4 27. Rac1 Bc6 28. f4 f6 29. Rd2 Rd8 30. Rcd1 Bf3 31. Rf1 e4 32. Rxf3 exf3 33. Kf2 d3 34. Kxf3 Rd4 35. Ke3 Rxb4 36. Rxd3 Rc4 37. Rd7 b4 38. Re7 b3 39. Kd3 b2 40. Kxc4 b1=Q 41. Re1 Qxe1 0-1

[Event "*** Titled Tuesday Blitz"]
[Site "Chess.com"]
[Date "2020.05.12"]
[Round "8"]
[White "KerryStead"]
[Black "51616516516"]
[Result "0-1"]
[WhiteElo "2104"]
[BlackElo "2345"]
[TimeControl "180+1"]
[EndTime "11:31:30 PDT"]
[Termination "51616516516 won by resignation"]

1. d4 Nf6 2. f3 d5 3. e4 dxe4 4. Nc3 e3 5. Bxe3 Bf5 6. Bc4 e6 7. Qd2 Bb4 8. Nge2 O-O 9. a3 Ba5 10. b4 Bb6 11. g4 Bg6 12. Ng3 a5 13. b5 c6 14. a4 cxb5 15. axb5 Nd5 16. Bxd5 exd5 17.
h4 Re8 18. h5 Bxc2 19. Qxc2 Rxe3+ 20. Kd2 Bxd4 21. Ra3 Qd6 22. Nf5 Qxa3 23. Nxe3 Bxe3+ 24.
Kxe3 d4+ 25. Kxd4 Nd7 26. Nd5 Qd6 27. Re1 Nf6 28. Re5 Rd8 29. Qc5 Qxc5+ 30. Kxc5 Nd7+ 31. Kd6 Nxe5+ 32. Kxe5 a4 33. Nc3 a3 0-1

[Event "*** Titled Tuesday Blitz"]
[Site "Chess.com"]
[Date "2020.05.12"]
[Round "8"]
[White "isla88"]
[Black "LawrenceTrent"]
[Result "0-1"]
[WhiteElo "2311"]
[BlackElo "2534"]
[TimeControl "180+1"]
[EndTime "11:31:31 PDT"]
[Termination "LawrenceTrent won by resignation"]

1. d4 e5 2. dxe5 Nc6 3. Nf3 d6 4. Bg5 f6 5. exf6 Nxf6 6. e3 Be7 7. Bc4 d5 8. Be2 O-O 9. Nc3 Be6 10. Nd4 Nxd4 11. Qxd4 c6 12. O-O-O Qa5 13. Kb1 b5 14. Qe5 Kf7 15. Bh5+ g6 16. Bf3 Rae8 17. Ne2 d4 18. b3 c5 19. exd4 c4 20. d5 Bf5 21. d6 Bd8 22. Bd5+ Kg7 23. Qc3 Rxe2 24. Qxa5 Bxa5 25. Bf3 Rxf2 26. Be3 Rxc2 27. g4 Rc3+ 28. Kb2 Rxe3 29.
gxf5 Rxf3 30. fxg6 hxg6 31. d7 Rd8 32. Rhe1 Rxd7 33.
Rxd7+ Nxd7 34. Re7+ Rf7 0-1

[Event "*** Titled Tuesday Blitz"]
[Site "Chess.com"]
[Date "2020.05.12"]
[Round "8"]
[White "Kislov_Oleg"]
[Black "MarcoCorvi"]
[Result "1-0"]
[WhiteElo "2336"]
[BlackElo "2190"]
[TimeControl "180+1"]
[EndTime "11:31:32 PDT"]
[Termination "Kislov_Oleg won by resignation"]

1. e4 Nf6 2. e5 Nd5 3. d4 d6 4. c4 Nb6 5. exd6 cxd6 6. Nc3 g6 7. Be3 Bg7 8. Rc1 O-O 9. b3 h6 10. Qd2 Kh7 11. Nf3 e5 12. Rd1 exd4 13. Bxd4 Bg4 14.
Be2 Bxf3 15. Bxf3 Re8+ 16. Ne2 Bxd4 17. Qxd4 Nc6 18. Qxd6 Ne5 19. Bxb7 Qg5 20. f4 Qg4 21. fxe5 Rad8 22. Qf6 Rxd1+ 23. Kxd1 Rf8 1-0

[Event "*** Titled Tuesday Blitz"]
[Site "Chess.com"]
[Date "2020.05.12"]
[Round "8"]
[White "mshuaau0"]
[Black "spela91"]
[Result "1-0"]
[WhiteElo "2174"]
[BlackElo "2080"]
[TimeControl "180+1"]
[EndTime "11:31:32 PDT"]
[Termination "mshuaau0 won by resignation"]

1. e4 e5 2. Nf3 Nc6 3. Bc4 Bc5 4. d3 h6 5. Nc3 Nf6 6. a3 a6 7. Qe2 O-O 8. Be3 d6 9. h3 Nd4 10. Bxd4 Bxd4 11. Nxd4 exd4 12. Nd5 b5 13. Nxf6+ Qxf6 14. Bd5 Rb8 15. Qf3 Qe5 16. Qg3 Bd7 17. f4 Qe7 18.
O-O c6 19. Bb3 c5 20. f5 Qf6 21. Bd5 Rfe8 22. Rf4 Re5 23. Raf1 Rbe8 24. Rg4 Kh7 25. h4 c4 26. h5 R8e7 27. Rg6 Bxf5 28. Rxf6 gxf6 29.
Rxf5 1-0

[Event "*** Titled Tuesday Blitz"]
[Site "Chess.com"]
[Date "2020.05.12"]
[Round "8"]
[White "dawtonlms"]
[Black "VladimirBugayev"]
[Result "1-0"]
[WhiteElo "2410"]
[BlackElo "2144"]
[TimeControl "180+1"]
[EndTime "11:31:33 PDT"]
[Termination "dawtonlms won by resignation"]

1. e4 c6 2. d4 d5 3. exd5 cxd5 4. c4 Nf6 5. Nc3 e6 6. Nf3 Bb4 7. cxd5 Nxd5 8. Bd2 Be7 9. Bd3 O-O 10. a3 Nc6 11. O-O Bf6 12. Qe2 g6 13. Bh6 Re8 14.
Rad1 Bg7 15. Bxg7 Kxg7 16. Bc4 Qf6 17. Ne5 Nxc3 18. bxc3 Ne7 19. f4 h5 20. Bb5 Rd8 21. g4 hxg4 22. Nxg4 Qf5 23. Bd3 Qh5 24. Qg2 Nd5 25.
c4 Nf6 26. Ne5 Rxd4 27. Bxg6 Qxd1 28. Bh5+ Kf8 29. Bxd1 1-0

[Event "*** Titled Tuesday Blitz"]
[Site "Chess.com"]
[Date "2020.05.12"]
[Round "8"]
[White "Jospem"]
[Black "KuzubovYuriy"]
[Result "1-0"]
[WhiteElo "2861"]
[BlackElo "2685"]
[TimeControl "180+1"]
[EndTime "11:31:34 PDT"]
[Termination "Jospem won by resignation"]

1. e4 c6 2. Nf3 d5 3. d3 Nf6 4.
Qe2 Bg4 5. h3 Bxf3 6. Qxf3 Nbd7 7. Nd2 g6 8. c3 e6 9. Be2 Bg7 10. O-O Qc7 11. d4 a6 12. e5 Ng8 13. Qe3 Ne7 14. g4 h5 15. f4 hxg4 16. hxg4 c5 17. Nf3 Nc6 18. Bd2 b5 19. dxc5 g5 20. Nxg5 Ndxe5 21. fxe5 Nxe5 22. Nxf7 d4 23. Qg3 Nf3+ 24.
Rxf3 1-0

[Event "*** Titled Tuesday Blitz"]
[Site "Chess.com"]
[Date "2020.05.12"]
[Round "8"]
[White "Alomaterapia"]
[Black "WildBizon"]
[Result "1-0"]
[WhiteElo "2500"]
[BlackElo "2653"]
[TimeControl "180+1"]
[EndTime "11:31:34 PDT"]
[Termination "Alomaterapia won by resignation"]

1. d4 Nf6 2. Bg5 Ne4 3. h4 c5 4. dxc5 h6 5. Nd2 Nxc5 6. Bf4 Nc6 7. Ngf3 d5 8. e3 Bg4 9. Be2 e6 10. Nd4 Bxe2 11. Qxe2 Rc8 12. Nxc6 Rxc6 13. c3 Na4 14. Nb3 Bd6 15. Bxd6 Qd7 16. Ba3 f6 17. Qg4 Nb6 18.
Qg6+ Kd8 19. Nd4 Rc8 20. O-O Nc4 21. Nc2 Ne5 22. Qg3 g5 23. h5 Nc4 24. Rad1 Ke8 25. e4 Kf7 26. exd5 exd5 27. Rfe1 Rhe8 28. Qf3 Ne5 29. Qxd5+ Qxd5 30. Rxd5 Nf3+ 31. gxf3 1-0

[Event "*** Titled Tuesday Blitz"]
[Site "Chess.com"]
[Date "2020.05.12"]
[Round "8"]
[White "BikingBrian"]
[Black "ShieldingOff"]
[Result "0-1"]
[WhiteElo "2227"]
[BlackElo "2052"]
[TimeControl "180+1"]
[EndTime "11:31:35 PDT"]
[Termination "ShieldingOff won by resignation"]

1. d4 c5 2. d5 e5 3. e4 d6 4. Nf3 a6 5. a4 Be7 6. Nfd2 Bg5 7. Nc4 Bxc1 8. Qxc1 Nf6 9. Nc3 O-O 10. Be2 Qc7 11. O-O Nbd7 12. f4 exf4 13. Qxf4 Ne8 14. Bd3 f6 15. Rf3 Ne5 16. Nxe5 dxe5 17. Qe3 c4 18. Be2 Nd6 19. a5 Bd7 20. Rg3 Be8 21. Bg4 Bg6 22. Rf1 Rab8 23. Bf5 Bxf5 24. exf5 Qxa5 25. Qf3 b5 26. Ne4 Nxe4 27. Qxe4 Rbd8 28. Qg4 Rf7 29. Rd1 b4 30. d6 Qb6+ 31. Kh1 Rxd6 32. Rxd6 Qxd6 33. h4 c3 34. bxc3 bxc3 35. Rxc3 Rf8 36. Qc4+ Kh8 37. Ra3 Qxa3 0-1

[Event "*** Titled Tuesday Blitz"]
[Site "Chess.com"]
[Date "2020.05.12"]
[Round "8"]
[White "GeorgMeier"]
[Black "GjakanTati"]
[Result "1-0"]
[WhiteElo "3011"]
[BlackElo "2647"]
[TimeControl "180+1"]
[EndTime "11:31:36 PDT"]
[Termination "GeorgMeier won by resignation"]

1. Nf3 Nf6 2. g3 g6 3. Bg2 Bg7 4. d4 O-O 5. O-O d5 6. c4 c6 7. cxd5 cxd5 8. Nc3 Ne4 9. Ne5 Nc6 10. Nxc6 bxc6 11.
Nxe4 dxe4 12. Bxe4 Bh3 13. Bg2 Bxg2 14. Kxg2 Qxd4 15.
Qxd4 Bxd4 16. Rb1 Rab8 17. b3 Rfd8 18. Bh6 c5 19. Rfc1 Rb6 20. Rc2 a5 21. Bd2 Ra8 22. e3 Bf6 23. Rxc5 a4 24. b4 Rd8 25. Rc2 Rb5 26.
Kf1 Rh5 27. Kg2 Rb5 28. h4 e5 29. Kf1 e4 30. Ke2 Be7 31. Rc4 f5 32. Bc3 Rd3 33.
Rd1 Rxd1 34. Kxd1 Kf7 35. Kc2 Ke6 36. Kb2 Kd5 37. Rd4+ Ke6 38. Ka3 Bf6 39. Rc4 Bxc3 40. Rxc3 Rd5 41. Rc2 1-0

[Event "*** Titled Tuesday Blitz"]
[Site "Chess.com"]
[Date "2020.05.12"]
[Round "8"]
[White "Zq1"]
[Black "slowdgehammer"]
[Result "1-0"]
[WhiteElo "2542"]
[BlackElo "2376"]
[TimeControl "180+1"]
[EndTime "11:31:39 PDT"]
[Termination "Zq1 won by resignation"]

1. d4 Nf6 2. c4 g6 3. Nc3 Bg7 4. e4 d6 5. Nf3 O-O 6. Be2 e5 7. O-O Nc6 8. d5 Ne7 9. Ne1 Nd7 10. Be3 f5 11. f3 f4 12. Bf2 g5 13. Nb5 b6 14. b4 a6 15. Nc3 Ng6 16. Nd3 h5 17. c5 bxc5 18. bxc5 Nf6 19. cxd6 cxd6 20. Na4 g4 21. Nb6 Rb8 22. Nxc8 Qxc8 23. Rc1 Qd7 24. Rc6 g3 25. hxg3 fxg3 26. Bxg3 h4 27. Bh2 Nh5 28.
f4 Nhxf4 29. Bg4 Qa7+ 30. Kh1 Nxd3 31. Be6+ Kh7 32. Qxd3 Qd4 33. Qxd4 exd4 34. Bf5 d3 35. Rxd6 Rf6 36. Rxf6 Bxf6 37. Bxb8 1-0

[Event "*** Titled Tuesday Blitz"]
[Site "Chess.com"]
[Date "2020.05.12"]
[Round "8"]
[White "PelinGorki"]
[Black "Rodalquilar"]
[Result "0-1"]
[WhiteElo "2483"]
[BlackElo "2620"]
[TimeControl "180+1"]
[EndTime "11:31:40 PDT"]
[Termination "Rodalquilar won by resignation"]

1. e4 e5 2. Nc3 Nf6 3. Bc4 Nc6 4. d3 Na5 5. Nge2 Nxc4 6. dxc4 d6 7. O-O c6 8. Qd3 Be7 9. b3 O-O 10. a4 a5 11. Ba3 Qc7 12. Rad1 Rd8 13. h3 Be6 14. f4 d5 15. Bxe7 Qxe7 16. cxd5 cxd5 17. fxe5 dxe4 18. Qe3 Nd5 19. Nxd5 Bxd5 20. c4 Bc6 21. Rxd8+ Rxd8 22. Qb6 Rd3 23. Qxa5 h6 24. b4 e3 25. Nf4 Rd2 26.
Qa8+ Kh7 27. Qb8 Qg5 28. g4 Qh4 0-1

[Event "*** Titled Tuesday Blitz"]
[Site "Chess.com"]
[Date "2020.05.12"]
[Round "8"]
[White "Boudicca64"]
[Black "atwalcb"]
[Result "0-1"]
[WhiteElo "2033"]
[BlackElo "2295"]
[TimeControl "180+1"]
[EndTime "11:31:40 PDT"]
[Termination "atwalcb won by resignation"]

1. d4 d6 2. g3 Nf6 3. Bg2 Nbd7 4. e3 e5 5. Ne2 Be7 6. c4 O-O 7. O-O c6 8. Nbc3 Re8 9. b4 Nf8 10. a4 Ng6 11. b5 Qc7 12. Ba3 Bf8 13. bxc6 bxc6 14.
Nb5 cxb5 15. Bxa8 Bh3 16. Bg2 Bxg2 17. Kxg2 bxc4 18. d5 Qa5 19. e4 Nxe4 20. Qc2 Qxd5 21. Rfd1 Nd2+ 22. Kg1 Nf3+ 23. Kh1 Qc6 24. Qc3 Nd4+ 25.
f3 Nxe2 26. Qe3 Nd4 27. Kg2 Nc2 0-1

[Event "*** Titled Tuesday Blitz"]
[Site "Chess.com"]
[Date "2020.05.12"]
[Round "8"]
[White "bmt011"]
[Black "Al_Shima"]
[Result "0-1"]
[WhiteElo "2098"]
[BlackElo "2425"]
[TimeControl "180+1"]
[EndTime "11:31:41 PDT"]
[Termination "Al_Shima won by resignation"]

1. d4 b5 2. Bf4 Bb7 3. e3 a6 4.
a4 b4 5. c3 e6 6. Nf3 Nf6 7. Bd3 Be7 8. a5 Nh5 9. Bg3 Nxg3 10.
hxg3 h6 11. Nbd2 c5 12. Qe2 d5 13. O-O c4 14. Bb1 f5 15. cxb4 Bxb4 16. Nxc4 dxc4 17. Qxc4 Qe7 18. Ne5 O-O 19. Ng6 Qd6 20. Nxf8 Kxf8 21. e4 fxe4 22. Ra4 Nc6 23. Bxe4 Nxa5 24. Rxa5 Bxe4 25.
Ra4 a5 26. Raa1 Rd8 27. Rad1 Qd5 28. Qxd5 Bxd5 29. f3 Bc4 30. Rf2 e5 31. d5 Bc5 0-1

[Event "*** Titled Tuesday Blitz"]
[Site "Chess.com"]
[Date "2020.05.12"]
[Round "8"]
[White "Niclox"]
[Black "Gordima"]
[Result "1-0"]
[WhiteElo "2619"]
[BlackElo "2753"]
[TimeControl "180+1"]
[EndTime "11:31:43 PDT"]
[Termination "Niclox won by checkmate"]

1. e4 e5 2. Qh5 Nc6 3. Bc4 Qf6 4. Nc3 Qg6 5. Qxg6 hxg6 6. Nb5 Kd8 7. Bxf7 Nf6 8. d3 a6 9. Nc3 Nd4 10. Bb3 Bc5 11. Nge2 Nxb3 12. axb3 d6 13. h3 Be6 14. Be3 Bxe3 15. fxe3 g5 16. Kd2 Ke7 17. Ng3 Rh4 18. Raf1 Rah8 19. Nf5+ Bxf5 20. Rxf5 g4 21. Rg5 Kf7 22.
Rf1 gxh3 23. gxh3 Rxh3 24. Nd5 c6 25. Nb6 Rh2+ 26. Kc3 R8h5 27. Rgg1 Rh7 28. Nc4 Ke6 29.
b4 d5 30. Na5 b6 31. Nxc6 dxe4 32. d4 Nd5+ 33. Kb3 Nxe3 34. Rg6+ Kd5 35. Ne7+ Kxd4 36. Rd6+ Nd5 37. Nf5# 1-0

[Event "*** Titled Tuesday Blitz"]
[Site "Chess.com"]
[Date "2020.05.12"]
[Round "8"]
[White "IriBu"]
[Black "ChelsieMonica"]
[Result "1-0"]
[WhiteElo "2546"]
[BlackElo "2355"]
[TimeControl "180+1"]
[EndTime "11:31:43 PDT"]
[Termination "IriBu won by checkmate"]

1. e4 e5 2. Nf3 Nc6 3. Bb5 a6 4. Ba4 Nf6 5. d3 b5 6. Bb3 Be7 7. O-O O-O 8. Re1 d6 9. c3 Bg4 10. Nbd2 d5 11. h3 Bh5 12. exd5 Nxd5 13. Ne4 Nb6 14.
Ng3 Bg6 15. Nxe5 Nxe5 16. Rxe5 Bf6 17. Re3 c5 18. Ne4 Be7 19. Re1 Kh8 20. Bf4 Ra7 21. Qf3 Rd7 22. Rad1 f5 23. Ng3 Bh4 24. Re6 Bf7 25.
Ree1 c4 26. dxc4 bxc4 27. Bc2 Bd5 28. Qh5 Bxg3 29. fxg3 Bc6 30. Be5 Rxd1 31. Qxd1 Nd5 32. Qd4 Qd7 33. Qxc4 Qa7+ 34. Qd4 Qb7 35. Qc5 h6 36.
Qxf8+ Kh7 37. Bxf5+ g6 38. Qh8# 1-0

[Event "*** Titled Tuesday Blitz"]
[Site "Chess.com"]
[Date "2020.05.12"]
[Round "8"]
[White "zmarian"]
[Black "mfwagnerpeixoto"]
[Result "1/2-1/2"]
[WhiteElo "2143"]
[BlackElo "2232"]
[TimeControl "180+1"]
[EndTime "11:31:46 PDT"]
[Termination "Game drawn by repetition"]

1. g3 Nf6 2. Bg2 d5 3. Nf3 c6 4.
O-O Bg4 5. d4 Bxf3 6. Bxf3 Nbd7 7. c4 dxc4 8. Qc2 Nb6 9. Rd1 e6 10. Nd2 Be7 11. Nxc4 Nxc4 12. Qxc4 O-O 13. e4 Qb6 14.
Be3 Qb4 15. Qc2 Rfd8 16. a3 Qa5 17. b4 Qc7 18. d5 exd5 19. exd5 Rac8 20. dxc6 Rxd1+ 21.
Rxd1 bxc6 22. Rc1 a5 23. Qxc6 Qxc6 24. Rxc6 Rxc6 25. Bxc6 axb4 26. axb4 Bxb4 27. Bg5 Be7 28. Bxf6 Bxf6 29. Kg2 Kf8 30. Kf3 Ke7 31. Ke4 g6 32. Bd5 Bb2 33. g4 Ba3 34. f3 Bd6 35. h3 h6 36. f4 Kf6 37. f5 gxf5+ 38. gxf5 Bc7 39. Bc4 Bd6 40. Bb3 Bc7 41. Bc4 Bd6 42. Bb3 Bb8 43. Bc4 Bc7 44. Bd5 Bb8 45. Bc4 Bc7 46. Bd5 Bb8 47. Bc4 1/2-1/2

[Event "*** Titled Tuesday Blitz"]
[Site "Chess.com"]
[Date "2020.05.12"]
[Round "8"]
[White "MFguimaraes"]
[Black "TheSodabread"]
[Result "1-0"]
[WhiteElo "2454"]
[BlackElo "1966"]
[TimeControl "180+1"]
[EndTime "11:31:46 PDT"]
[Termination "MFguimaraes won by resignation"]

1. e4 d6 2. d4 Nf6 3. Nc3 Nbd7 4.
Nf3 e5 5. Bc4 Be7 6. Ng5 O-O 7.
Bxf7+ Rxf7 8. Ne6 Qe8 9. Nxc7 Qd8 10. Nxa8 b5 11. dxe5 Nxe5 12. Nd5 Nxd5 13. Qxd5 Bh4 14.
Be3 Bb7 15. Qxb5 Qxa8 16. O-O-O Bxf2 17. Bxf2 Rxf2 18. Rxd6 Ng4 19. Rhd1 Rf8 20. Rd7 Bxe4 21. Qg5 Bg6 22. Qxg4 Qc6 23. R7d2 Rc8 24. c3 h5 25.
Qxc8+ Qxc8 26. Rd8+ 1-0

[Event "*** Titled Tuesday Blitz"]
[Site "Chess.com"]
[Date "2020.05.12"]
[Round "8"]
[White "yamalchess"]
[Black "CakeinSpace2002"]
[Result "0-1"]
[WhiteElo "2491"]
[BlackElo "2262"]
[TimeControl "180+1"]
[EndTime "11:31:49 PDT"]
[Termination "CakeinSpace2002 won by resignation"]

1. d4 Nf6 2. c4 c5 3. d5 b5 4. cxb5 a6 5. Nc3 axb5 6. e4 b4 7. Nb5 d6 8. Bf4 g5 9. Be3 Bg7 10. Bd3 O-O 11. Bxg5 Ba6 12. Ne2 Bxb5 13. Bxb5 Nxe4 14.
Bc1 Qa5 15. Bd3 b3+ 16. Kf1 Qxa2 17. Rb1 Nf6 18. Ng3 Nbd7 19. Nf5 c4 20. Nxe7+ Kh8 21. Bf5 Ne5 22. Bg5 Ng6 23. Qf3 Nxe7 24. g4 Nxf5 25.
Qxf5 Nxg4 26. Rg1 Ne5 27. Rg3 Ng6 28. Kg2 Rae8 29. Bf6 Re5 30. Bxe5 Bxe5 31. Rf3 Nh4+ 0-1

[Event "*** Titled Tuesday Blitz"]
[Site "Chess.com"]
[Date "2020.05.12"]
[Round "8"]
[White "MacDaddyMac"]
[Black "Rodchenkov_Vitalij"]
[Result "0-1"]
[WhiteElo "2266"]
[BlackElo "2426"]
[TimeControl "180+1"]
[EndTime "11:31:49 PDT"]
[Termination "Rodchenkov_Vitalij won by resignation"]

1. e4 e6 2. d4 d5 3. Nc3 Nf6 4. Bg5 dxe4 5. Nxe4 Be7 6. Nxf6+ Bxf6 7. Bxf6 Qxf6 8.
Nf3 c5 9. Bb5+ Bd7 10. Bxd7+ Nxd7 11. O-O O-O 12. c3 Rfd8 13. Qa4 cxd4 14. Qxd4 Qxd4 15. Nxd4 Nf6 16. Rad1 Rac8 17. f3 Nd5 18. Kf2 a6 19. Rfe1 b5 20. a3 g6 21. Nc2 a5 22.
Ne3 Nf4 23. Rxd8+ Rxd8 24. Kg3 g5 25. Rd1 Rc8 26. h4 h6 27. hxg5 hxg5 28. Kg4 Rc5 29. g3 Ng6 30. f4 gxf4 31. gxf4 Kg7 32. f5 Ne5+ 33. Kf4 Kf6 34. fxe6 fxe6 35. Ke4 Ng6 36. Rf1+ Ke7 37. Kd4 Rh5 38. Rg1 Ne5 39. b4 Nf3+ 0-1

[Event "*** Titled Tuesday Blitz"]
[Site "Chess.com"]
[Date "2020.05.12"]
[Round "8"]
[White "AwesomeMango"]
[Black "Michaelson_11"]
[Result "1-0"]
[WhiteElo "2239"]
[BlackElo "2009"]
[TimeControl "180+1"]
[EndTime "11:31:51 PDT"]
[Termination "AwesomeMango won by resignation"]

1. e4 e6 2. d4 d5 3. Nc3 Bb4 4. e5 c5 5. Bd2 cxd4 6. Nb5 Nc6 7. Bxb4 Nxb4 8. a3 Nc6 9. Nd6+ Kf8 10. f4 f6 11. Nf3 Nh6 12. Bd3 Nf7 13. Nxf7 Kxf7 14.
O-O h6 15. g4 Rf8 16. Qd2 Kg8 17. Rae1 Qe7 18. Nh4 Qf7 19. Bg6 Qc7 20. g5 Bd7 21. gxf6 Be8 22. Bxe8 Raxe8 23. Kh1 Qf7 24. Rg1 Kh8 25.
fxg7+ Kg8 26. gxf8=Q+ Kxf8 27. Ng6+ 1-0

[Event "*** Titled Tuesday Blitz"]
[Site "Chess.com"]
[Date "2020.05.12"]
[Round "8"]
[White "harvsp123"]
[Black "VishnuPrasanna"]
[Result "0-1"]
[WhiteElo "2531"]
[BlackElo "2695"]
[TimeControl "180+1"]
[EndTime "11:31:52 PDT"]
[Termination "VishnuPrasanna won by resignation"]

1. d4 Nf6 2. c4 e6 3. Nc3 d5 4.
cxd5 exd5 5. Bg5 c6 6. e3 Be7 7. Bd3 Nbd7 8. Qc2 O-O 9. Nge2 Re8 10. f3 b6 11. e4 dxe4 12. fxe4 Ng4 13. Bxe7 Qxe7 14. Qd2 c5 15. O-O-O Nf2 16. Nd5 Qd8 17. Qf4 Nxd1 18. Rxd1 cxd4 19. Nxd4 Bb7 20. Kb1 Nc5 21. Bc2 Nxe4 22. Nc7 g5 23. Qg4 Qxc7 24. Nf5 Rac8 25. Bb3 Nd2+ 26. Ka1 Nxb3+ 27. axb3 Qf4 28. Nh6+ Kf8 29.
Qd7 Rcd8 30. Qxb7 Rxd1+ 31. Ka2 Rd6 0-1

[Event "*** Titled Tuesday Blitz"]
[Site "Chess.com"]
[Date "2020.05.12"]
[Round "8"]
[White "TigrVShlyape"]
[Black "FelixJoseYnojosa"]
[Result "1-0"]
[WhiteElo "2821"]
[BlackElo "2626"]
[TimeControl "180+1"]
[EndTime "11:31:53 PDT"]
[Termination "TigrVShlyape won on time"]

1. e4 c5 2. Nf3 Nc6 3. d4 cxd4 4. Nxd4 e5 5. Nb5 d6 6. c4 Be7 7. N1c3 a6 8. Na3 Nf6 9. Be2 O-O 10. Nc2 Nd7 11. O-O Nc5 12. f3 h6 13. Be3 Bg5 14.
Bf2 Ne6 15. Nd5 Nf4 16. Nxf4 Bxf4 17. Qd3 Be6 18. Rfd1 Qf6 19. Qxd6 h5 20. g3 Bh6 21. Nb4 Nxb4 22. Qxb4 h4 23. Rd6 a5 24. Qc3 Rfc8 25.
c5 Qg5 26. Bc4 Bxc4 27. Qxc4 Rc7 28. Rad1 Rac8 29. Rd7 hxg3 30. Qxf7+ Kh7 31. hxg3 Rc6 32. Qf5+ Qxf5 33. exf5 R6c7 34. a4 Bg5 35. Kf1 Bf6 36.
b3 Kh6 37. Be3+ Kh5 38. Kg2 1-0

[Event "*** Titled Tuesday Blitz"]
[Site "Chess.com"]
[Date "2020.05.12"]
[Round "8"]
[White "Kopytkin"]
[Black "HouseOfDurin"]
[Result "1-0"]
[WhiteElo "2346"]
[BlackElo "2029"]
[TimeControl "180+1"]
[EndTime "11:31:54 PDT"]
[Termination "Kopytkin won by checkmate"]

1. e4 c5 2. d4 cxd4 3. c3 dxc3 4. Nxc3 Nc6 5. Nf3 d6 6. Bc4 e6 7. O-O Be7 8. Qe2 Nf6 9. Rd1 Qa5 10. Nb5 O-O 11. Bd2 Qd8 12. Bf4 e5 13. Nxe5 Nxe5 14. Bxe5 Bg4 15. f3 Be6 16. Nxd6 Qb6+ 17. Kh1 Rfd8 18.
Bxe6 Bxd6 19. Bxd6 Rxd6 20. Rxd6 Qxd6 21. Bb3 Qe5 22.
Qc4 Rf8 23. Rd1 Qxb2 24. Qxf7+ Rxf7 25. Rd8+ Ne8 26. Rxe8# 1-0

[Event "*** Titled Tuesday Blitz"]
[Site "Chess.com"]
[Date "2020.05.12"]
[Round "8"]
[White "joppie2"]
[Black "tioloko"]
[Result "0-1"]
[WhiteElo "2879"]
[BlackElo "2678"]
[TimeControl "180+1"]
[EndTime "11:31:55 PDT"]
[Termination "tioloko won by resignation"]

1. e4 c6 2. d4 d5 3. Nd2 dxe4 4. Nxe4 Bf5 5. Ng3 Bg6 6. h4 h6 7. Bd3 Bxd3 8. Qxd3 e6 9. N1e2 Nf6 10. Bd2 Nbd7 11.
O-O-O Be7 12. Kb1 Qc7 13. Ne4 Nxe4 14. Qxe4 Nf6 15. Qf3 O-O-O 16. g4 Bf8 17. g5 hxg5 18.
hxg5 Rxh1 19. Rxh1 Nd5 20. c4 Nb6 21. Ba5 Qd7 22. c5 Nc4 23. Bc3 e5 24. dxe5 Bxc5 25.
Nc1 Kb8 26. Nb3 Bb6 27. Qe4 Qe6 28. Rh4 Bxf2 29. Rf4 Rd1+ 30. Nc1 Be3 0-1

[Event "*** Titled Tuesday Blitz"]
[Site "Chess.com"]
[Date "2020.05.12"]
[Round "8"]
[White "MathiasWomacka"]
[Black "wild_cat99"]
[Result "0-1"]
[WhiteElo "2439"]
[BlackElo "2593"]
[TimeControl "180+1"]
[EndTime "11:31:55 PDT"]
[Termination "wild_cat99 won on time"]

1. e4 c5 2. Nf3 d6 3. d4 cxd4 4.
Nxd4 Nf6 5. Nc3 a6 6. Be2 e6 7.
O-O Qc7 8. f4 b5 9. Bf3 Bb7 10.
e5 dxe5 11. fxe5 Nfd7 12. Bxb7 Qxb7 13. Qh5 g6 14. Qh4 Bg7 15. Ne4 O-O 16. Nf6+ Nxf6 17. exf6 Bh8 18. Bg5 Nd7 19. Nxe6 Qb6+ 20. Nd4 Rfe8 21.
c3 Re5 22. Kh1 Rae8 23. Rad1 Qc5 24. Nf3 Re4 25. Qh3 Nxf6 26. Bh6 Bg7 27. Ng5 R4e5 28.
Bxg7 Kxg7 29. Nxf7 Rh5 30. Qf3 Rf5 31. Qb7 Rxf1+ 32.
Rxf1 Qd5 33. Qxd5 Nxd5 34. Nd6 Re6 35. Nb7 Re2 36. Nc5 Rxb2 37. Nxa6 Rxa2 0-1

[Event "*** Titled Tuesday Blitz"]
[Site "Chess.com"]
[Date "2020.05.12"]
[Round "8"]
[White "Mikhail_Golubev"]
[Black "GodDMuhammad"]
[Result "1-0"]
[WhiteElo "2523"]
[BlackElo "2293"]
[TimeControl "180+1"]
[EndTime "11:31:57 PDT"]
[Termination "Mikhail_Golubev won by checkmate"]

1. e4 c6 2. d4 d5 3. Nc3 dxe4 4. Nxe4 Bf5 5. Ng3 Bg6 6. c3 Qc7 7. N1e2 e6 8. h4 h6 9. Nf4 Bh7 10. Bc4 Nf6 11. O-O Bd6 12. Ngh5 Nxh5 13. Nxh5 O-O 14.
Qg4 Bg6 15. Nxg7 Kxg7 16. h5 e5 17. hxg6 fxg6 18. dxe5 Bxe5 19. f4 Bd6 20. f5 g5 21.
Bxg5 hxg5 22. Qxg5+ Kh8 23. Rf3 Bc5+ 24. Kh1 Qh7+ 25.
Rh3 Nd7 26. Rxh7+ Kxh7 27. Qg6+ Kh8 28. Qh6# 1-0

[Event "*** Titled Tuesday Blitz"]
[Site "Chess.com"]
[Date "2020.05.12"]
[Round "8"]
[White "Vesper2018"]
[Black "Sergey85Rodchenkov"]
[Result "0-1"]
[WhiteElo "2250"]
[BlackElo "2510"]
[TimeControl "180+1"]
[EndTime "11:31:58 PDT"]
[Termination "Sergey85Rodchenkov won by resignation"]

1. e4 c5 2. Nf3 e6 3. Nc3 a6 4. d4 cxd4 5. Nxd4 Qc7 6. Be2 Nf6 7. O-O Nc6 8. Be3 Bb4 9. f3 O-O 10. Na4 d5 11. a3 Bd6 12. Nxc6 bxc6 13. h3 Rb8 14.
Bd3 Bh2+ 15. Kh1 Nh5 16. Re1 Bg3 17. Re2 Nf4 18. Rd2 Qe5 19. c4 Qh5 20. Qf1 e5 21. Bxf4 Bxf4 22. Rc2 d4 23. c5 Qh4 24. Nb6 Qg3 25.
Kg1 Bxh3 26. Qf2 Be3 0-1

[Event "*** Titled Tuesday Blitz"]
[Site "Chess.com"]
[Date "2020.05.12"]
[Round "8"]
[White "SahaNeelash"]
[Black "Drags95"]
[Result "1-0"]
[WhiteElo "2553"]
[BlackElo "2706"]
[TimeControl "180+1"]
[EndTime "11:32:00 PDT"]
[Termination "SahaNeelash won by resignation"]

1. d4 Nf6 2. Bg5 d5 3. e3 c5 4. Bxf6 gxf6 5. Nc3 e6 6. Qh5 Nc6 7. Nf3 Qb6 8. O-O-O cxd4 9. Nxd4 Bd7 10. Bb5 Bb4 11.
Na4 Qc7 12. a3 Be7 13. Nc3 a6 14. Bxc6 bxc6 15. e4 dxe4 16. Rhe1 f5 17. f3 c5 18.
Nxf5 exf5 19. Nd5 Qe5 20. fxe4 Rb8 21. c3 Qg7 22. exf5 Qxg2 23. Rxe7+ 1-0